Map: Eternal Empire LE

Players

Skesiks

  • Race: Zerg Zerg
  • League: Platinum
  • Spawn Location: 1:00

Uniden - Winner!

  • Race: Terran Terran
  • League: Silver
  • Spawn Location: 7:00

VOD

Have the link to the VOD?

Description

Time

  • Played on: March 20, 2020, 12:02 p.m.
  • Length: 22:33
Show
View Real Time Build Order
Export as new Build Order

Skesiks Zerg 

Build Orders: Hatch First 

Get SALT Encoding   

  12  0:01  Drone  
  13  0:13  Overlord  
  13  0:21  Drone  
  14  0:32  Drone x2  
  16  0:51  Hatchery  
  16  0:55  Drone  
  16  1:10  Spawning Pool  
  15  1:12  Drone  
  15  1:17  Drone  
  17  1:21  Drone  
  17  1:25  Extractor  
  17  1:27  Drone  
  18  1:35  Overlord  
  18  1:50  Drone  
  19  2:02  Queen  
  19  2:04  Queen  
  19  2:07  Zergling x2  
  24  2:09  Drone x2  
  24  2:15  Overlord  
  26  2:26  Drone x2  
  28  2:36  Drone x2  
  30  2:39  Metabolic Boost  
  30  2:51  Drone x3  
  33  2:58  Zergling x2  
  29  3:24  Zergling x2  
  29  3:26  Overlord x3  
  27  3:32  Roach Warren, Drone x2, Extractor  
  27  3:47  Drone x2  
  27  3:48  Drone x3  
  32  3:52  Queen  
  32  3:53  Queen  
  36  4:01  Drone x2  
  36  4:02  Drone  
  39  4:11  Drone x2  
  41  4:28  Queen  
  41  4:29  Queen  
  44  4:31  Spine Crawler  
  43  4:45  Drone x2  
  45  4:46  Drone x2  
  45  4:49  Drone  
  45  4:51  Drone  
  49  5:04  Queen  
  51  5:08  Overlord x3  
  51  5:18  Drone  
  51  5:19  Overlord  
  52  5:22  Drone, Extractor  
  52  5:24  Extractor  
  52  5:26  Queen  
  52  5:28  Drone x4  
  55  5:29  Drone x3  
  60  5:40  Lair  
  60  5:44  Hatchery  
  59  6:00  Roach x6  
  59  6:01  Roach x2  
  75  6:09  Evolution Chamber  
  75  6:10  Evolution Chamber  
  73  6:30  Zergling x2  
  74  6:38  Glial Reconstitution  
  74  6:41  Zerg Missile Weapons Level 1, Zerg Melee Weapons Level 1  
  74  6:45  Spore Crawler, Baneling Nest  
  72  6:57  Roach x5  
  72  6:58  Roach x4  
  90  7:01  Overlord x2  
  90  7:22  Hydralisk Den  
  88  7:24  Infestation Pit  
  88  7:26  Spore Crawler  
  88  7:28  Spore Crawler  
  82  8:08  Hydralisk x10  
  82  8:09  Hydralisk x2  
  101  8:37  Drone x5  
  101  8:38  Overlord x3  
  101  8:39  Overlord x2  
  106  8:59  Grooved Spines  
  106  9:00  Zerg Missile Weapons Level 2, Zerg Melee Weapons Level 2  
  106  9:05  Queen  
  76  9:26  Drone  
  76  9:27  Drone x8  
  67  9:53  Drone x7  
  67  9:55  Spore Crawler  
  67  9:56  Spore Crawler  
  67  9:57  Spore Crawler  
  71  10:00  Spore Crawler x2  
  71  10:04  Centrifical Hooks, Extractor  
  71  10:07  Spore Crawler x2, Drone x3  
  67  10:08  Extractor  
  67  10:10  Muscular Augments  
  65  10:39  Hydralisk, Spire  
  65  10:40  Roach x3, Hydralisk x4  
  65  10:41  Roach x2  
  84  10:50  Queen  
  86  11:01  Hive  
  87  11:04  Drone x4  
  87  11:05  Drone x4  
  80  11:26  Hydralisk  
  80  11:27  Hydralisk x7  
  94  11:34  Drone x2  
  94  11:35  Drone x2  
  98  11:40  Drone  
  98  11:41  Drone  
  100  11:54  Corruptor x4  
  108  12:05  Swarm Host  
  108  12:07  Hydralisk x2  
  115  12:15  Zerg Melee Weapons Level 3, Zerg Missile Weapons Level 3  
  115  12:17  Zergling x10  
  115  12:20  Queen  
  122  12:55  Drone x4  
  122  12:56  Drone x4  
  122  12:57  Overlord x4  
  121  13:21  Roach x7  
  121  13:22  Roach x3  
  121  13:24  Hatchery  
  130  13:32  Corruptor x4  
  132  13:46  Hydralisk  
  132  13:47  Hydralisk x4  
  139  13:57  Roach  
  139  13:58  Roach x3  
  119  14:18  Roach  
  119  14:19  Roach x10  
  131  14:28  Roach x2  
  110  14:55  Hatchery  
  105  15:16  Roach  
  105  15:17  Roach x12  
  113  15:27  Corruptor  
  109  15:29  Corruptor  
  111  15:56  Roach  
  115  15:57  Roach x9  
  115  16:03  Extractor  
  130  16:04  Spore Crawler  
  130  16:07  Spore Crawler  
  130  16:10  Extractor  
  127  16:11  Roach  
  127  16:12  Roach x6  
  141  16:29  Overlord x2, Greater Spire  
  141  16:31  Drone x5  
  146  16:50  Roach x2  
  146  16:51  Roach x6  
  162  17:03  Corruptor x2  
  166  17:33  Hydralisk x2  
  166  17:34  Hydralisk x5  
  166  17:35  Hydralisk x3  
  184  17:38  Overlord x3  
  184  17:46  Zerg Ground Armor Level 1  
  162  18:08  Brood Lord  
  162  18:09  Brood Lord  
  162  18:12  Brood Lord x3  
  176  18:13  Brood Lord x2  
  171  18:26  Corruptor x2  
  135  19:24  Drone x5  
  135  19:25  Drone x3  
  135  19:26  Drone x6  
  135  19:27  Drone x6  
  135  19:28  Drone  
  151  19:31  Corruptor  
  151  19:32  Corruptor  
  145  20:02  Hatchery  
  126  20:20  Roach x2, Hydralisk x2  
  126  20:21  Roach  
  90  21:00  Hatchery  
  89  21:12  Drone  
  89  21:13  Drone x5  
  95  21:25  Extractor  
  94  21:45  Queen x2  
  94  21:46  Queen  
  100  21:52  Unknown  
  95  22:06  Roach x2, Hydralisk x3  
  95  22:07  Roach x3  
  111  22:09  Drone  
Show
View Real Time Build Order
Export as new Build Order

Uniden Terran - Winner!

Build Orders:  

Get SALT Encoding   

  12  0:12  Supply Depot  
  12  0:36  Barracks  
  12  0:41  SCV  
  12  0:42  Barracks  
  13  0:53  SCV  
  14  1:07  SCV  
  15  1:19  SCV  
  15  1:23  Marine  
  17  1:30  Marine  
  19  1:33  Supply Depot  
  19  1:38  Orbital Command  
  18  1:41  Marine  
  19  1:47  Marine  
  20  1:59  Marine  
  21  2:05  Marine  
  22  2:12  Command Center  
  22  2:17  Marine  
  22  2:21  SCV  
  24  2:28  Refinery  
  24  2:33  Marine  
  24  2:35  SCV  
  26  2:43  Marine  
  27  2:54  SCV  
  24  3:27  Marine  
  24  3:33  Marine  
  26  3:38  SCV  
  27  3:41  Factory  
  27  3:42  Command Center, Refinery, Orbital Command  
  27  3:45  Marine  
  28  3:50  SCV  
  29  4:02  SCV, Marine  
  31  4:13  Marine  
  31  4:14  SCV  
  33  4:25  Factory Tech Lab  
  33  4:26  SCV, Starport  
  33  4:45  SCV, Siege Tank  
  37  4:55  Marine x2  
  37  4:57  SCV  
  41  5:07  SCV  
  41  5:08  Orbital Command  
  41  5:09  SCV  
  41  5:10  Starport Tech Lab  
  41  5:12  Fusion Core  
  42  5:19  SCV, Refinery  
  42  5:21  SCV  
  44  5:26  Marine x2  
  46  5:31  SCV  
  46  5:33  SCV  
  48  5:41  Siege Tank  
  51  5:43  SCV x2, Supply Depot  
  51  5:45  SCV  
  54  5:50  Refinery  
  54  5:55  SCV x2  
  56  5:57  SCV  
  57  6:05  Command Center  
  57  6:07  SCV x2  
  57  6:09  SCV, Supply Depot  
  57  6:10  Marine  
  61  6:20  SCV  
  62  6:28  Battlecruiser  
  68  6:33  Orbital Command  
  68  6:42  Siege Tank  
  68  6:46  SCV x2  
  73  7:02  Supply Depot, Bunker  
  73  7:03  Refinery  
  73  7:04  Supply Depot  
  73  7:05  Supply Depot  
  73  7:06  SCV x3  
  76  7:18  SCV  
  76  7:20  SCV x2  
  79  7:28  Orbital Command  
  79  7:30  SCV  
  79  7:34  Armory  
  79  7:36  Armory  
  80  7:59  SCV x2  
  80  8:00  SCV x2, Siege Tank  
  87  8:05  Factory x2  
  87  8:06  Factory  
  87  8:11  SCV  
  88  8:32  SCV  
  88  8:33  SCV x3  
  92  8:36  Terran Vehicle Weapons Level 1, Terran Vehicle And Ship Armor Level 1  
  92  8:39  Siege Tank  
  94  8:43  Factory  
  94  8:44  Battlecruiser, Factory  
  94  8:45  SCV x2  
  99  8:57  SCV x3  
  99  9:02  SCV  
  103  9:06  Factory Tech Lab  
  103  9:07  Factory Tech Lab  
  102  9:11  SCV x2  
  86  9:26  Hellion x2, Factory Reactor  
  86  9:27  Hellion  
  86  9:30  Orbital Command  
  92  9:38  SCV x2  
  94  9:48  Hellion x3  
  100  9:55  Refinery  
  100  10:04  Supply Depot  
  100  10:05  Supply Depot x2  
  100  10:10  Supply Depot  
  100  10:13  Command Center  
  100  10:16  Drilling Claws  
  100  10:17  Supply Depot, Mag-Field Accelerator, Infernal Pre-Igniter  
  100  10:26  SCV x4  
  104  10:38  SCV  
  104  10:39  SCV x3  
  104  10:40  Hellion  
  104  10:41  Hellion x4  
  118  10:50  SCV  
  118  10:51  SCV  
  118  10:53  Engineering Bay  
  118  10:55  SCV x2  
  122  11:01  Thor  
  122  11:02  SCV, Hellion  
  122  11:03  SCV, Factory Tech Lab  
  132  11:05  Factory Tech Lab  
  132  11:07  SCV  
  133  11:35  SCV x4  
  133  11:36  Thor x3  
  155  12:07  Supply Depot  
  155  12:09  Refinery  
  155  12:10  Supply Depot, Command Center  
  155  12:14  Refinery  
  155  12:15  Supply Depot  
  155  12:18  Terran Vehicle Weapons Level 2, Terran Vehicle And Ship Armor Level 2  
  155  12:28  SCV x2, Thor  
  163  12:32  SCV, Hellion x3  
  163  12:34  Factory Tech Lab  
  174  12:37  Hellion x2  
  174  12:51  Command Center  
  171  13:24  Hellion  
  163  13:53  Hellion x7  
  177  13:59  Command Center x2  
  163  14:13  Command Center x2  
  163  14:14  Hellion x3, Siege Tank  
  163  14:16  Siege Tank  
  163  14:17  Siege Tank  
  164  14:18  Battlecruiser  
  170  14:26  SCV x2  
  172  14:35  Refinery, Siege Tank x2  
  178  14:52  Siege Tank  
  169  14:53  Siege Tank x2  
  169  14:58  Planetary Fortress  
  169  14:59  Refinery  
  161  15:02  Hi-Sec Auto Tracking  
  161  15:10  Terran Vehicle Weapons Level 3  
  161  15:11  Terran Vehicle And Ship Armor Level 3  
  161  15:18  Refinery  
  151  15:22  Missile Turret x2  
  151  15:23  Missile Turret  
  151  15:25  Planetary Fortress  
  151  15:26  Missile Turret x2  
  145  15:31  Barracks  
  145  15:32  Planetary Fortress, Missile Turret  
  145  15:53  Sensor Tower  
  145  15:54  Planetary Fortress  
  145  15:59  Neosteel Armor, Thor, Siege Tank x3  
  160  16:17  Orbital Command  
  160  16:31  Siege Tank x2  
  160  16:32  Hellion x3, Siege Tank  
  175  16:36  Command Center  
  175  16:43  Orbital Command  
  175  17:04  Missile Turret  
  175  17:05  Missile Turret  
  175  17:06  Missile Turret  
  175  17:08  Refinery  
  175  17:10  Thor  
  175  17:11  Thor x2  
  193  17:24  Missile Turret  
  193  17:25  Missile Turret  
  193  17:29  Missile Turret x2  
  193  17:40  Siege Tank x2  
  199  17:49  Hellion x5  
  193  18:21  Thor  
  189  18:37  Starport  
  189  18:40  Starport x3  
  189  18:41  Starport  
  189  18:43  Starport  
  165  19:18  Viking x6  
  165  19:21  Terran Ship Weapons Level 1  
  165  19:22  Thor  
  165  19:23  Thor x4  
  177  19:48  Viking x6  
  189  19:56  Command Center  
  189  19:57  Command Center  
  189  20:05  Thor  
  195  20:17  Viking  
  195  20:18  Viking  
  199  20:23  Starport Tech Lab x4  
  167  20:52  Planetary Fortress  
  167  20:53  Starport Tech Lab x2  
  167  20:55  Cloaking Field  
  167  20:57  Liberator x3  
  167  20:58  Liberator  
  167  21:00  Advanced Ballistics  
  167  21:01  Command Center  
  177  21:15  Planetary Fortress x2  
  175  21:20  Missile Turret  
  175  21:23  Missile Turret, Liberator x2  
  175  21:24  Hellion x2  
  175  21:25  Hellion x5  
  194  21:40  Liberator x2  
  200  21:50  Missile Turret  
  200  21:52  Missile Turret  
  197  22:15  Command Center  
Tags
 
Add a new tag
Caveats
  • Supply blocks, unpowered buildings, or Contaminate may cause inaccurate times.
  • Supply counts are checked every 10 seconds.